 Dungeon Crawl Stone Soup version 0.18.1-8-gdd0e5ea (webtiles) character file.

159 Jersh the Poker (level 5, -11/40 HPs)
             Began as a Merfolk Skald on June 8, 2016.
             Was an Initiate of Okawaru.
             Mangled by Pikel
             ... wielding a +2 whip of electrocution
              (12 damage)
             ... on level 5 of the Dungeon.
             The game lasted 00:14:52 (1190 turns).

Jersh the Poker (Merfolk Skald)                     Turns: 1190, Time: 00:14:53

Health: -11/40     AC:  7    Str: 13    XL:     5   Next: 40%
Magic:  9/9        EV: 13    Int: 12    God:    Okawaru [......]
Gold:   60         SH:  5    Dex: 13    Spells: 3 memorised, 4 levels left

rFire  . . .     SeeInvis +     a - +0 spear
rCold  . . .     Gourm    .     b - +1 leather armour
rNeg   . . .     Faith    .     (no shield)
rPois  .         Spirit   .     (no helmet)
rElec  .         Dismiss  .     g - +1 cloak
rCorr  .         Reflect  +     (no gloves)
SustAt .         Harm     .     e - +0 pair of boots
MR     .....                    h - +5 amulet of reflection
Stlth  +.........               (no ring)
                                j - ring of see invisible

@: not resistant to hostile enchantments, very unstealthy
A: change form in water, swift swim
a: Renounce Religion


You were on level 5 of the Dungeon.
You worshipped Okawaru.
Okawaru was noncommittal.
You were not hungry.

You visited 1 branch of the dungeon, and saw 5 of its levels.

You collected 60 gold pieces.

Inventory:

Hand Weapons
 a - a +0 spear (weapon)
 f - a +0 spear
Missiles
 i - 19 bolts
Armour
 b - a +1 leather armour (worn)
 e - a +0 pair of boots (worn)
 g - a +1 cloak (worn)
Jewellery
 h - a +5 amulet of reflection (around neck)
 j - a ring of see invisible (left hand)
 m - an uncursed ring of poison resistance {unknown}
Scrolls
 k - a scroll of immolation
Potions
 l - a potion of flight
Books
 c - a book of Battle

   Spells                             Type                      Level
   a - Infusion                       Charms                       1
   b - Shroud of Golubria             Charms/Translocation         2
   c - Song of Slaying                Charms                       2
   d - Spectral Weapon                Hexes/Charms                 3
   e - Regeneration                   Charms/Necromancy            3
Comestibles
 d - 5 bread rations
 n - a fruit


   Skills:
 + Level 2.9 Fighting
 + Level 3.9 Polearms
 + Level 1.1 Armour
 + Level 3.7 Dodging
 + Level 0.8 Stealth
 + Level 3.0 Spellcasting
 + Level 3.7 Charms


You had 4 spell levels left.
You knew the following spells:

 Your Spells              Type           Power        Failure   Level  Hunger
a - Infusion              Chrm           ##..         8%          1    #......
b - Shroud of Golubria    Chrm/Tloc      #.........   24%         2    ###....
c - Regeneration          Chrm/Necr      #.........   45%         3    ###....


Dungeon Overview and Level Annotations

Branches:
Dungeon (5/15)
 Temple: D:4-7

Altars:
Makhleb
Okawaru
Yredelemnul

Annotations:
D:5 Pikel


Message History

You closely miss Pikel. The slave barely misses you. The slave hits you.
The slave barely misses you.
Pikel hits you with a whip of electrocution.
You hit Pikel but do no damage. The slave hits you. The slave misses you. x2
The slave hits you but does no damage. Pikel hits you but does no damage.
You are electrocuted!
* * * LOW HITPOINT WARNING * * *
You hit Pikel but do no damage. The slave closely misses you.
The slave misses you. The slave hits you.
* * * LOW HITPOINT WARNING * * *
The slave barely misses you. Pikel closely misses you.
You hit Pikel but do no damage. The slave hits you.
* * * LOW HITPOINT WARNING * * *
The slave closely misses you. The slave hits you.
* * * LOW HITPOINT WARNING * * *
The slave barely misses you.
Pikel hits you with a whip of electrocution.
* * * LOW HITPOINT WARNING * * *
You are electrocuted!
You die...

##########
..........#
..........# #
..........# ##8#
..........##8...
..........##....
........<.#_....
......ppp.##....
......K@..##8...
......p...# #8#
..........# #
########...#
#..## .... ####.
##


You could see Pikel and 4 slaves.

Vanquished Creatures
  A hound (D:4)
  A worker ant (D:4)
  6 adders
  An ooze (D:2)
  A worm (D:3)
  A giant gecko (D:1)
  4 orcs (D:3)
  4 giant cockroaches
  A goblin (D:3)
  3 hobgoblins
  2 jackals (D:2)
  2 ball pythons
  5 bats
  A giant gecko skeleton (D:4)
  4 giant newts
  6 kobolds
  A quokka skeleton (D:4)
  7 rats
51 creatures vanquished.

Notes
Turn   | Place    | Note
--------------------------------------------------------------
     0 | D:1      | Jersh the Merfolk Skald began the quest for the Orb.
     0 | D:1      | Reached XP level 1. HP: 16/16 MP: 3/3
   121 | D:1      | Reached XP level 2. HP: 19/23 MP: 0/5
   140 | D:1      | Learned a level 2 spell: Shroud of Golubria
   270 | D:2      | Found an iron altar of Okawaru.
   275 | D:2      | Became a worshipper of Warmaster Okawaru
   316 | D:2      | Reached XP level 3. HP: 5/28 MP: 2/6
   626 | D:2      | Reached XP level 4. HP: 18/34 MP: 7/7
   856 | D:3      | Learned a level 3 spell: Regeneration
   987 | D:4      | Found a basalt altar of Yredelemnul.
  1012 | D:4      | Reached skill level 1 in Armour
  1012 | D:4      | Reached XP level 5. HP: 26/40 MP: 9/9
  1181 | D:5      | Entered Level 5 of the Dungeon
  1181 | D:5      | Found a burning altar of Makhleb.
  1181 | D:5      | Noticed Pikel
  1181 | D:5      | Noticed a slave
  1181 | D:5      | Noticed a slave
  1181 | D:5      | Noticed a slave
  1181 | D:5      | Noticed a slave
  1190 | D:5      | HP: 2/40 [slave[Pikel] (4)]
  1190 | D:5      | Mangled by Pikel

Skill      XL: |  1  2  3  4  5 |
---------------+----------------+-----
Dodging        | 2 3 |  3.7
Armour         | 1 |  1.1
Spellcasting   | 3 |  3.0
Fighting       | |  2.9
Polearms       | |  3.9
Stealth        | |  0.8
Charms         | |  3.7

Action                   |  1- 3 |  4- 6 || total
-------------------------+-------+-------++-------
Melee: Spear             |   121 |    99 ||   220
 Cast: Infusion          |     5 |     5 ||    10
  Use: Scroll            |     6 |     1 ||     7
       Potion            |     2 |     1 ||     3
 Stab: Sleeping          |       |     1 ||     1
  Eat: Fruit             |       |     1 ||     1
       Royal jelly       |       |     1 ||     1
Armor: Leather armour    |    36 |    34 ||    70
Dodge: Dodged            |    82 |    55 ||   137
Block: Other             |    10 |    11 ||    21
       Reflection        |     1 |       ||     1
